 Dungeon Crawl Stone Soup version 0.30.0-7-g0c4daa9e05 (webtiles) character file.

Game seed: 2631538069010929784

154 Atelerd the Sneak (level 5, 0/31 HPs)
             Began as an Octopode Earth Elementalist on May 13, 2023.
             Slain by a gnoll
             ... wielding a +0 flail
              (7 damage)
             ... on level 3 of the Dungeon.
             The game lasted 00:01:49 (2610 turns).

Atelerd the Sneak (Octopode Earth Elementalist)     Turns: 2610, Time: 00:01:50

Health: 0/31       AC:  1    Str: 13    XL:     5   Next: 36%
Magic:  6/9        EV: 13    Int: 25    God:
Gold:   131        SH:  0    Dex: 12    Spells: 4/9 levels left

rFire   . . .        i - +10 dagger of Aqips {chaos, Int+5}
rCold   . . .        (no shield)
rNeg    . . .        (helmet restricted)
rPois   .            (no amulet)
rElec   .            g - +6 ring of strength
rCorr   .            (no ring)
SInv    .            (no ring)
Will    .....        (no ring)
Stlth   +++          (no ring)
HPRegen 0.25/turn    (no ring)
MPRegen 0.11/turn    (no ring)
                     (no ring)

%: no passive effects
@: no status effects
A: almost no armour, amphibious, 8 rings, camouflage 1, gelatinous body 1,
(nimble swimmer 1), tentacles
a: no special abilities


You were on level 3 of the Dungeon.
You visited 1 branch of the dungeon, and saw 3 of its levels.

You collected 131 gold pieces.

Inventory:

Hand Weapons
 c - a +0 short sword
 h - a +0 dagger
 i - the +10 dagger of Aqips (weapon) {chaos, Int+5}
   (You took it off a kobold on level 2 of the Dungeon)

   Int:       It affects your intelligence (+5).
Jewellery
 g - a +6 ring of strength (left tentacle)
Scrolls
 b - a scroll of enchant weapon {unknown}
 d - 2 scrolls of teleportation {unknown}
 j - a scroll of fear {unknown}
 k - a scroll of poison {unknown}
 n - a scroll of fog {unknown}
 o - a scroll of identify {unknown}
Potions
 a - a potion of magic
 e - 2 potions of curing
 f - a potion of haste
 l - a potion of brilliance {unknown}
 m - a potion of flight {unknown}


   Skills:
 + Level 2.9 Dodging
 + Level 4.1 Stealth
 + Level 2.7 Spellcasting
 * Level 2.4 Transmutations
 * Level 3.8 Earth Magic


You had 4 spell levels left.
You knew the following spells:

 Your Spells              Type           Power      Damage    Failure   Level
a - Sandblast             Erth           44%        2d11      2%          1
p - Petrify               Tmut/Erth      18%        N/A       28%         4

Your spell library contained the following spells:

 Spells                   Type           Power      Damage    Failure   Level
 Passwall                 Tmut/Erth      15%        N/A       4%          2
 Stone Arrow              Conj/Erth      24%        3d8       14%         3
 Gell's Gravitas          Tloc           3%         N/A       30%         3
 Ozocubu's Armour         Ice            3%         N/A       30%         3
 Teleport Other           Tloc           3%         N/A       30%         3
 Metabolic Englaciation   Hex/Ice        1%         N/A       96%         5
 Dispersal                Tloc           1%         N/A       100%        6
 Simulacrum               Ice/Necr       1%         N/A       100%        6


Dungeon Overview and Level Annotations

Branches:
Dungeon (3/15)

Altars:

Annotations:
D:2 exclusion: downstairs


Innate Abilities, Weirdness & Mutations

You cannot wear most types of armour.
You are amphibious.
You can wear up to eight rings at the same time.
Your skin changes colour to match your surroundings (Stealth+).
Your rubbery body absorbs attacks. (AC +1, EV +1)
((You are camouflaged when in or above water. (Stealth+)))
You have tentacles for arms and can constrict up to eight enemies at once.


Message History

The helpless bat fails to defend itself.
You puncture the bat!
You kill the bat!
There is a faded altar of an unknown god here.
o - a scroll labelled BISUSTRYUNO No target in view!
There is a faded altar of an unknown god here.
There is an open door here.
No target in view!
You completely miss the orc. Your grab misses the orc.
The orc barely misses you.
An orc is nearby!
You puncture the orc! You freeze the orc.
You kill the orc!
d - 2 scrolls labelled MENETAPORR (gained 1)
You now have 131 gold pieces (gained 22).
Things that are here:
a +0 hand axe; an orc corpse
There are monsters nearby!
There are monsters nearby!
The blast of sand hits the gnoll.
The gnoll is lightly wounded.
The gnoll shouts! x2
The blast of sand hits the gnoll but does no damage.
The gnoll is lightly wounded.
The gnoll hits you with a +0 flail! x2
You are too injured to fight recklessly!
You are too injured to fight recklessly!
You are too injured to fight recklessly!
Casting: Sandblast (safe; 2% risk of failure)
Confirm with . or Enter, or press ? or * to list all spells.
Aiming: Sandblast (safe; 2% risk of failure)
Press: ? - help, Shift-Dir - straight line, f/p - gnoll
Aim: a gnoll, wielding a +0 flail and wearing a +0 robe (lightly wounded, 85% to hit)
The blast of sand misses the gnoll.
The gnoll closely misses you.
The gnoll zaps a wand.
The puff of flame hits you!
* * * LOW HITPOINT WARNING * * *
Unknown command.
You feel better. The gnoll hits you with a +0 flail!
You die... # #######)....... # ........#...... # #######.####### # #........# ### #.#.####.# PP#

...#.#.#### #
.P#
...........#.###
.P#
...?#.##........
.†# #####.
#@g...... #..
.## #. ##g......
#.. ## #.
....... #.. #
....... # # #./
## ###.###
#.#.#.o .## ...
.. ..> P.# #.#
#.##. .P# .#
#....


PP# ####. You could see 2 gnolls.

Vanquished Creatures
  A jelly (D:3)
  A gnoll (D:3)
  2 adders (D:2)
  A worm (D:3)
  4 dart slugs
  An orc (D:3)
  6 bats
  14 endoplasms
  3 giant cockroaches
  5 goblins
  5 hobgoblins
  5 jackals
  12 kobolds
  A quokka (D:1)
  3 ball pythons (D:1)
  7 frilled lizards
  7 rats
78 creatures vanquished.

Notes
Turn   | Place    | Note
-------+----------+-------------------------------------------
     0 | D:1      | Atelerd the Octopode Earth Elementalist began the quest for
                  | the Orb.
     0 | D:1      | Reached XP level 1. HP: 11/11 MP: 3/3
   250 | D:1      | Reached XP level 2. HP: 17/17 MP: 3/5
   324 | D:1      | Reached skill level 3 in Stealth
   708 | D:1      | Reached XP level 3. HP: 21/21 MP: 4/6
  1108 | D:2      | Identified the +10 dagger of Aqips {chaos, Int+5}
  1233 | D:2      | Identified the +7 chain mail of the Good {SInv}
  1363 | D:2      | Reached XP level 4. HP: 21/27 MP: 7/7
  1762 | D:3      | Learned a level 4 spell: Petrify
  2398 | D:3      | Reached XP level 5. HP: 31/31 MP: 8/8
  2402 | D:3      | Reached skill level 4 in Stealth
  2537 | D:3      | Found a faded altar of an unknown god.
  2609 | D:3      | HP: 1/31 [gnoll/puff of flame (10)]
  2610 | D:3      | Slain by a gnoll

Illustrated notes

Levels and vault maps discovered:
D:1:      tarquinn_simple_flora_water_b, layout_loops_ring
D:2:      layout_rooms, grunt_decor_arrowhead
D:3:      cheibrodos_fertilizer, layout_basic, nemelex_spade_bored_becter,
          nicolae_ru_sacrificial_ziggurat, shapermc_ecumenical_altar_flowoftime,
          uniq_sigmund

Skill      XL: |  1  2  3  4  5 |
---------------+----------------+-----
Stealth        | 3 4 |  4.1
Transmutations | 2 |  2.4
Dodging        | |  2.9
Spellcasting   | |  2.7
Earth Magic    | |  3.8

Action                     |  1- 3 |  4- 6 || total
---------------------------+-------+-------++-------
  Melee: Short sword       |    27 |       ||    27
         Constrict         |    10 |       ||    10
         Unarmed           |     1 |       ||     1
         Punch             |     1 |       ||     1
         Tentacles         |     9 |       ||     9
         Dagger            |     7 |    20 ||    27
   Cast: Sandblast         |    43 |    32 ||    75
    Use: Potion            |       |     3 ||     3
   Stab: Sleeping          |     2 |     5 ||     7
 Armour: Skin              |     3 |     1 ||     4
  Dodge: Dodged            |    29 |    25 ||    54
